Map: Port Aleksander LE

Players

Future - Winner!

  • Race: Terran Terran
  • League: Grandmaster
  • Spawn Location: 11:00

Prevail

  • Race: Zerg Zerg
  • League: Master
  • Spawn Location: 5:00

VOD

Have the link to the VOD?

Description

Time

  • Played on: Jan. 15, 2019, 6:44 p.m.
  • Length: 10:41
Show
View Real Time Build Order
Export as new Build Order

Future Terran - Winner!

Build Orders: Liberator Opening 

Get SALT Encoding   

  12  0:01  SCV  
  13  0:14  SCV  
  14  0:18  Supply Depot  
  14  0:26  SCV  
  15  0:30  Refinery  
  15  0:39  SCV  
  16  0:46  Barracks  
  16  0:52  SCV  
  17  1:04  SCV  
  18  1:16  SCV  
  20  1:32  Reaper  
  20  1:33  Orbital Command  
  20  1:47  Command Center  
  20  1:59  Factory  
  20  2:01  SCV  
  21  2:09  Barracks Reactor  
  21  2:13  Refinery, SCV  
  22  2:20  Supply Depot  
  22  2:25  SCV  
  23  2:35  Engineering Bay  
  23  2:42  SCV  
  24  2:53  Starport  
  24  2:54  SCV  
  24  2:55  Hellion  
  26  3:02  Orbital Command  
  25  3:06  SCV  
  28  3:13  Hellion  
  28  3:15  Liberator  
  28  3:17  Hellion  
  28  3:19  SCV  
  31  3:28  SCV  
  31  3:31  SCV  
  36  3:34  Barracks Tech Lab  
  36  3:40  SCV  
  37  3:43  SCV  
  37  3:45  Supply Depot, Hellion  
  37  3:47  Hellion  
  42  3:52  SCV  
  42  3:54  Marine  
  42  3:55  SCV  
  45  3:59  Stimpack  
  45  4:04  SCV  
  45  4:07  SCV  
  47  4:12  Marine  
  47  4:16  SCV  
  49  4:19  SCV  
  49  4:20  Command Center  
  50  4:29  SCV, Supply Depot  
  50  4:30  Marine  
  52  4:31  SCV  
  53  4:39  Barracks x2  
  53  4:40  Factory Tech Lab  
  53  4:44  SCV, Starport Tech Lab  
  53  4:45  SCV  
  51  4:56  Marine  
  51  4:58  SCV  
  51  4:59  Engineering Bay x2  
  51  5:02  SCV  
  48  5:08  Refinery  
  48  5:10  SCV, Starport Reactor  
  48  5:12  Siege Tank  
  48  5:13  Marine  
  53  5:14  SCV  
  54  5:22  SCV  
  54  5:24  Supply Depot  
  54  5:26  SCV  
  56  5:29  Terran Infantry Weapons Level 1  
  56  5:30  Terran Infantry Armor Level 1, Marine  
  56  5:31  Marine, Barracks Reactor  
  48  5:35  Orbital Command  
  58  5:36  SCV  
  58  5:38  SCV  
  58  5:41  Refinery, Marine  
  61  5:48  Marine  
  61  5:49  Medivac, Siege Tank  
  67  5:53  Medivac  
  67  5:54  SCV x2  
  67  5:56  Marine  
  72  5:59  Marine  
  73  6:06  SCV, Marine  
  73  6:07  SCV, Supply Depot  
  73  6:08  Supply Depot  
  73  6:12  Orbital Command  
  73  6:14  Marine x3, Combat Shield  
  73  6:17  Marine  
  77  6:19  SCV x2  
  77  6:24  Marine  
  80  6:31  SCV x2  
  82  6:33  Siege Tank  
  82  6:34  Factory  
  82  6:38  SCV  
  82  6:39  Barracks, Marine  
  86  6:40  Barracks, Marine x3  
  86  6:44  SCV  
  86  6:45  SCV  
  92  6:49  Armory  
  92  6:51  SCV, Supply Depot  
  92  6:53  Supply Depot  
  93  6:56  SCV  
  93  6:57  SCV, Marine  
  96  7:03  Marine x2  
  96  7:04  SCV  
  96  7:05  Siege Tank  
  99  7:08  SCV  
  99  7:09  SCV  
  99  7:12  Marine  
  99  7:13  Marine  
  99  7:15  Marine  
  95  7:19  Siege Tank  
  95  7:20  Marine  
  95  7:21  Marine  
  98  7:29  Barracks Reactor x2  
  93  7:30  Marine  
  93  7:34  Marine  
  93  7:36  Terran Infantry Weapons Level 2  
  93  7:37  Refinery, Supply Depot  
  95  7:38  Supply Depot  
  95  7:39  Refinery  
  95  7:41  Terran Infantry Armor Level 2  
  95  7:43  Marine x3  
  98  7:46  SCV x3  
  98  7:48  Marine  
  102  7:52  Marine  
  102  7:54  Supply Depot  
  102  7:58  SCV x2  
  105  8:00  Siege Tank  
  105  8:01  Marine x3  
  105  8:03  Siege Tank  
  114  8:06  Marine  
  114  8:10  Marine  
  114  8:12  Supply Depot x2  
  116  8:14  Supply Depot  
  116  8:19  Marine  
  109  8:23  Marine x6  
  111  8:27  Medivac  
  111  8:28  Medivac  
  111  8:31  Terran Vehicle And Ship Armor Level 1  
  111  8:33  Marine x2  
  115  8:36  Marine  
  115  8:37  Siege Tank  
  115  8:39  Command Center  
  115  8:41  Marine x4  
  119  8:42  Marine x2  
  123  8:51  Marine x2  
  123  8:53  Supply Depot  
  123  8:54  Marine  
  126  8:56  Siege Tank  
  126  8:59  Marine x4  
  126  9:01  Medivac  
  135  9:03  Medivac  
  135  9:08  SCV  
  135  9:09  SCV x2, Siege Tank, Marine  
  144  9:18  Supply Depot  
  144  9:19  Supply Depot  
  144  9:20  Marine  
  144  9:21  Marauder  
  147  9:28  Siege Tank, Marine  
  147  9:31  Medivac  
  153  9:33  Medivac  
  153  9:36  Marine x3  
  157  9:38  Marine  
  157  9:39  Marine  
  157  9:41  Unknown, Siege Tank  
  157  9:42  Marauder  
  157  9:45  Marine  
  165  9:49  Marine x2  
  161  9:53  Planetary Fortress  
  161  9:54  Marine x2  
  161  9:59  Marine x2  
  163  10:01  Medivac  
  163  10:03  SCV x3, Medivac  
  163  10:04  Missile Turret, Siege Tank  
  174  10:12  Marauder, Marine x3  
  179  10:17  Unknown  
  179  10:18  Unknown x2  
  174  10:29  SCV  
  174  10:34  Supply Depot  
  180  10:37  Supply Depot  
Show
View Real Time Build Order
Export as new Build Order

Prevail Zerg 

Build Orders: Hatch First 

Get SALT Encoding   

  12  0:00  Drone  
  13  0:13  Overlord  
  13  0:18  Drone  
  14  0:31  Drone x2  
  14  0:35  Drone  
  17  0:53  Hatchery  
  17  0:56  Drone  
  17  1:00  Drone  
  18  1:08  Extractor  
  17  1:17  Spawning Pool  
  17  1:18  Drone  
  17  1:21  Drone  
  18  1:29  Drone  
  19  1:39  Drone  
  20  1:50  Overlord  
  20  2:03  Queen  
  20  2:05  Zergling x2  
  20  2:06  Queen  
  20  2:07  Zergling x2  
  26  2:10  Metabolic Boost  
  26  2:13  Drone  
  27  2:17  Drone  
  29  2:22  Drone  
  29  2:26  Drone  
  29  2:42  Drone x2  
  30  2:54  Drone x2  
  30  2:57  Drone  
  30  2:58  Extractor  
  32  3:05  Hatchery  
  32  3:08  Overlord  
  32  3:10  Drone  
  32  3:11  Drone  
  34  3:20  Drone x2, Extractor  
  34  3:21  Drone, Evolution Chamber  
  34  3:25  Overlord  
  34  3:26  Overlord  
  35  3:32  Drone  
  35  3:33  Drone  
  37  3:45  Drone  
  37  3:46  Drone  
  39  3:55  Drone x2  
  41  3:57  Zergling x6  
  41  3:58  Zerg Ground Armor Level 1  
  44  4:03  Evolution Chamber, Extractor  
  44  4:09  Drone  
  44  4:10  Drone, Queen x2  
  48  4:20  Spore Crawler  
  48  4:21  Spore Crawler  
  46  4:24  Queen  
  46  4:26  Zergling x4  
  50  4:31  Zerg Melee Weapons Level 1  
  50  4:34  Spore Crawler  
  50  4:37  Drone x4  
  53  4:39  Drone  
  53  4:42  Drone  
  53  4:50  Zergling x6  
  55  4:57  Zergling x2  
  52  5:03  Drone x3  
  55  5:10  Baneling Nest  
  52  5:18  Drone  
  52  5:19  Drone x2  
  53  5:26  Zergling x6  
  52  5:39  Zergling x6  
  55  5:43  Zergling x4  
  55  5:44  Overlord x2  
  55  5:49  Overlord  
  57  5:59  Baneling  
  57  6:00  Lair  
  57  6:04  Drone x2  
  57  6:05  Drone, Zergling x4  
  57  6:11  Extractor  
  61  6:19  Baneling  
  61  6:20  Baneling x2  
  61  6:21  Drone x3  
  64  6:30  Drone x2  
  66  6:34  Drone  
  66  6:35  Drone, Zergling x2  
  66  6:36  Zergling x2  
  70  6:42  Baneling x2  
  70  6:43  Baneling x5  
  70  6:48  Zergling x6  
  73  6:54  Drone  
  73  6:55  Drone x2  
  73  7:00  Zergling x10  
  66  7:20  Zergling x20  
  66  7:21  Zergling x6  
  78  7:26  Zergling x4  
  77  7:32  Zerg Melee Weapons Level 2  
  77  7:34  Zerg Ground Armor Level 2  
  77  7:38  Centrifical Hooks  
  77  7:40  Overseer  
  77  7:43  Baneling x4  
  77  7:48  Zergling x6  
  80  7:51  Baneling x6  
  80  7:52  Baneling  
  80  7:58  Overlord x2  
  78  8:02  Overlord  
  64  8:21  Zergling x16  
  64  8:22  Zergling x12  
  64  8:26  Zergling x6  
  75  8:30  Zergling x2  
  75  8:31  Zergling x2  
  77  8:37  Drone  
  78  8:44  Drone x4  
  78  8:45  Drone x2  
  84  8:51  Drone x2  
  84  8:52  Drone x2  
  88  8:56  Overseer  
  88  9:03  Baneling x11  
  88  9:05  Zergling x2  
  88  9:08  Hatchery  
  88  9:10  Zergling x2  
  88  9:11  Zergling x6  
  88  9:13  Baneling x5  
  88  9:14  Baneling  
  88  9:15  Baneling  
  88  9:16  Baneling x2  
  91  9:22  Zergling x6  
  91  9:23  Zergling x4  
  96  9:25  Zergling x2  
  96  9:33  Overlord x3, Zergling x2  
  96  9:35  Overseer  
  95  9:38  Baneling x2  
  95  9:39  Baneling x2  
  92  9:48  Zergling x2  
  92  9:49  Zergling x14  
  92  9:52  Baneling x2  
  96  9:53  Baneling x4  
  96  9:54  Baneling x2  
  96  9:55  Baneling x2  
  94  10:10  Zergling x18  
  102  10:21  Zergling x8  
  102  10:22  Zergling x2  
Tags
 
Add a new tag
Caveats
  • Supply blocks, unpowered buildings, or Contaminate may cause inaccurate times.
  • Supply counts are checked every 10 seconds.